AoeStats
← Turquesa-4400

Arabia

509972071Analyzed
1v1 RM · 3d ago on Sep 28, 2026· 53m 37s· 2 players
Game mode
Random Map
Map size
Tiny (2 player)
Population
200
Speed
Normal
Resources
Standard
Victory
Conquest
Starting age
Dark Age
Ending age
Imperial Age
RankedLock teamsTeams togetherTeam positionsShared explorationLock speedFull tech treeHidden civsTurbo modeCheats
Victory
Defeat
🇲🇽 Tupi · Mexico
934
+16
🇦🇷 Franks · Argentina
939
-16
Mr.Scavenger
4:12 Loom
11:56 Feudal Age
12:41 Double-Bit Axe
19:49 Wheelbarrow
19:11 Gold Mining
19:14 Stone Mining
19:53 Forging
19:32 Champi Runner
22:17 Castle Age
20:27 Horse Collar
21:35 Scale Mail Armor
22:34 Pikeman
23:52 Iron Casting
23:39 Bow Saw
26:00 Town Watch
32:23 Town Patrol
32:43 Hand Cart
33:31 Gold Shaft Mining
33:31 Heavy Plow
36:32 Imperial Age
34:37 Chain Mail Armor
34:54 Treadmill Crane
35:36 Fletching
36:34 Bodkin Arrow
38:53 Two-Man Saw
38:53 Plate Mail Armor
38:51 Conscription
39:52 Bracer
39:46 Halberdier
40:28 Champi Warrior
41:10 Squires
41:48 Caciques
41:19 Elite Champi Warrior
42:47 Padded Archer Armor
43:44 Leather Archer Armor
43:39 Arson
45:40 Elite Skirmisher
48:55 Ballistics
49:35 Chemistry
49:08 Ring Archer Armor
51:01 Curare
51:13 Elite Blackwood Archer
Turquesa-4400
6:38 Loom
13:55 Feudal Age
17:19 Double-Bit Axe
20:27 Castle Age
19:26 Scale Barding Armor
22:23 Forging
22:32 Gold Mining
24:22 Husbandry
26:28 Chain Barding Armor
27:05 Wheelbarrow
28:44 Town Watch
32:36 Fletching
33:22 Iron Casting
42:37 Imperial Age
40:17 Bodkin Arrow
42:40 Scale Mail Armor
42:27 Light Cavalry
43:30 Cavalier
48:24 Crossbowman
Connection lost

Rejoining the realm…

Still unreachable

The connection could not be restored.

Session expired

The server has moved on; the page needs a fresh start.